[ AOE2 MATCH · #506505673 ]
UnrankedMongols vs Huns
Player's team · LOSS
Rival team · WIN
[ REPLAY ANALYSIS · EXTRACTED FROM THE RECORDED GAME ]
Feudal
17:47
Castle
38:36
Imperial
46:21
| APM avg | 13.2 |
| APM peak | 91 |
| eAPM avg | 7.3 |
| Villagers / military | 240 / 37 |
Focus
⚔️ 33.6% · 🌾 66.4%
Scout Cavalry ×16 · Archer ×11 · Monk ×4 · Cannon Galleon ×2 · Transport Ship ×2 · Demolition Raft ×2
Feudal
8:37
Castle
—
Imperial
—
| APM avg | 5.1 |
| APM peak | 96 |
| eAPM avg | 1.5 |
| Villagers / military | 29 / 5 |
Focus
⚔️ 38.3% · 🌾 61.7%
Spearman ×3 · Militia ×2
Match map
Initial resources + every placement click. Lines = walls · curves = elevation contours. ◆ gold · ⬟ stone · ● berries · ✦ relic · ◌ wall gap
Your base· Open — unwalled flank
Showbizz V3sk's base· Open — unwalled flank
Smoothed initial terrain · ◌ = detected wall gap · hover for details
Inputs per minute
— Guthrie_Govan - - Showbizz V3sk
Build order — Guthrie_Govan
First 150 of 944 actions detected
| 0:00 | Create | Villager (Male) |
| 0:00 | Create | Villager (Male) |
| 0:00 | Create | Villager (Male) |
| 0:01 | Create | Villager (Male) |
| 0:02 | Build | House |
| 0:03 | Build | House |
| 1:28 | Create | Villager (Male) |
| 1:50 | Create | Villager (Male) |
| 2:31 | Create | Villager (Male) |
| 2:52 | Create | Villager (Male) |
| 2:55 | Build | Lumber Camp |
| 3:16 | Create | Villager (Male) |
| 3:17 | Create | Villager (Male) |
| 3:37 | Build | House |
| 3:37 | Build | House |
| 3:57 | Create | Villager (Male) |
| 4:21 | Create | Villager (Male) |
| 4:45 | Build | Mill |
| 4:52 | Create | Villager (Male) |
| 5:01 | Create | Villager (Male) |
| 5:27 | Create | Villager (Male) |
| 5:44 | Research | Loom |
| 5:44 | Research | Loom |
| 5:45 | Create | Villager (Male) |
| 5:45 | Create | Villager (Male) |
| 5:46 | Create | Villager (Male) |
| 7:12 | Build | Town Center |
| 7:21 | Build | Palisade Wall |
| 7:26 | Build | Palisade Wall |
| 7:28 | Build | Palisade Wall |
| 7:29 | Build | Palisade Wall |
| 7:36 | Build | Palisade Wall |
| 7:37 | Build | Palisade Wall |
| 8:21 | Create | Villager (Male) |
| 8:21 | Create | Villager (Male) |
| 8:22 | Create | Villager (Male) |
| 8:27 | Create | Villager (Male) |
| 8:45 | Create | Villager (Male) |
| 8:45 | Create | Villager (Male) |
| 9:33 | Create | Villager (Male) |
| 10:39 | Build | House |
| 11:07 | Create | Villager (Male) |
| 11:34 | Create | Villager (Male) |
| 13:14 | Create | Villager (Male) |
| 13:44 | Create | Villager (Male) |
| 13:47 | Build | House |
| 13:59 | Create | Villager (Male) |
| 14:28 | Build | Mill |
| 14:40 | Create | Villager (Male) |
| 14:44 | Build | House |
| 14:44 | Build | House |
| 15:20 | Build | Mining Camp |
| 15:37 | Research | Feudal Age |
| 15:37 | Research | Feudal Age |
| 15:49 | Build | Lumber Camp |
| 16:10 | Build | Barracks |
| 16:14 | Build | House |
| 16:33 | Build | Palisade Gate |
| 17:47 | Age | Feudal Age |
| 17:50 | Build | Archery Range |
| 17:53 | Build | Blacksmith |
| 17:57 | Research | Double-Bit Axe |
| 17:58 | Create | Villager (Male) |
| 18:11 | Create | Villager (Male) |
| 18:20 | Create | Archer |
| 18:23 | Create | Villager (Male) |
| 18:25 | Build | Watch Tower |
| 18:34 | Build | Watch Tower |
| 18:38 | Build | Outpost |
| 18:41 | Create | Archer |
| 18:42 | Create | Villager (Male) |
| 19:20 | Build | Palisade Gate |
| 19:35 | Build | Palisade Wall |
| 19:36 | Build | Palisade Wall |
| 19:38 | Build | Palisade Wall |
| 19:42 | Build | Palisade Wall |
| 19:54 | Build | Farm |
| 19:55 | Build | Farm |
| 19:56 | Build | Farm |
| 19:57 | Build | Farm |
| 19:58 | Build | Farm |
| 19:58 | Create | Villager (Male) |
| 20:04 | Create | Archer |
| 20:16 | Create | Villager (Male) |
| 20:19 | Build | Farm |
| 20:20 | Build | Farm |
| 20:21 | Build | Farm |
| 20:24 | Build | Farm |
| 20:24 | Create | Villager (Male) |
| 20:31 | Research | Fletching |
| 20:34 | Create | Archer |
| 21:00 | Build | Palisade Gate |
| 21:03 | Create | Archer |
| 21:12 | Build | Palisade Wall |
| 21:14 | Build | Palisade Wall |
| 21:24 | Build | Watch Tower |
| 21:25 | Create | Archer |
| 21:27 | Create | Villager (Male) |
| 21:46 | Build | House |
| 21:47 | Build | Palisade Wall |
| 21:57 | Create | Villager (Male) |
| 21:59 | Create | Villager (Male) |
| 22:05 | Build | Lumber Camp |
| 22:08 | Build | Farm |
| 22:19 | Create | Archer |
| 22:21 | Create | Villager (Male) |
| 22:29 | Build | Mill |
| 22:42 | Build | Watch Tower |
| 23:01 | Create | Villager (Male) |
| 23:09 | Create | Villager (Male) |
| 23:14 | Build | Farm |
| 23:31 | Create | Villager (Male) |
| 23:42 | Create | Villager (Male) |
| 23:49 | Build | Lumber Camp |
| 24:12 | Create | Villager (Male) |
| 24:22 | Build | Palisade Wall |
| 24:35 | Create | Villager (Male) |
| 24:38 | Build | House |
| 24:44 | Create | Archer |
| 24:44 | Create | Archer |
| 24:59 | Build | Mill |
| 25:03 | Build | Town Center |
| 25:18 | Build | Town Center |
| 25:41 | Build | Mining Camp |
| 26:01 | Create | Archer |
| 26:05 | Build | House |
| 26:05 | Build | House |
| 26:06 | Build | House |
| 26:12 | Create | Villager (Male) |
| 26:13 | Create | Villager (Male) |
| 26:13 | Create | Villager (Male) |
| 26:27 | Create | Villager (Male) |
| 26:40 | Create | Archer |
| 27:03 | Create | Villager (Male) |
| 27:06 | Build | Stable |
| 27:08 | Build | Stable |
| 27:39 | Create | Villager (Male) |
| 27:51 | Build | Outpost |
| 28:00 | Build | Mill |
| 28:09 | Create | Scout Cavalry |
| 28:09 | Create | Scout Cavalry |
| 28:11 | Build | Stable |
| 28:17 | Build | Farm |
| 28:18 | Create | Villager (Male) |
| 28:30 | Build | Outpost |
| 28:34 | Build | Outpost |
| 28:40 | Build | Outpost |
| 28:50 | Build | Farm |
| 28:55 | Create | Scout Cavalry |
| 28:55 | Create | Scout Cavalry |
Build order — Showbizz V3sk
88 actions detected in the replay
| 0:09 | Create | Villager (Male) |
| 0:23 | Create | Villager (Male) |
| 0:33 | Create | Villager (Male) |
| 1:02 | Create | Villager (Male) |
| 1:02 | Create | Villager (Male) |
| 1:02 | Create | Villager (Male) |
| 1:22 | Create | Villager (Male) |
| 1:56 | Create | Villager (Male) |
| 2:12 | Build | Lumber Camp |
| 2:28 | Create | Villager (Male) |
| 2:54 | Create | Villager (Male) |
| 2:58 | Create | Villager (Male) |
| 3:57 | Create | Villager (Male) |
| 3:58 | Create | Villager (Male) |
| 4:09 | Create | Villager (Male) |
| 4:17 | Create | Villager (Male) |
| 5:14 | Create | Villager (Male) |
| 5:35 | Build | Mill |
| 5:58 | Research | Loom |
| 6:27 | Research | Feudal Age |
| 6:27 | Research | Feudal Age |
| 7:04 | Build | Palisade Wall |
| 7:53 | Create | Villager (Male) |
| 8:29 | Build | Barracks |
| 8:37 | Age | Feudal Age |
| 8:58 | Research | Double-Bit Axe |
| 8:58 | Research | Double-Bit Axe |
| 9:00 | Create | Villager (Male) |
| 9:18 | Create | Villager (Male) |
| 10:31 | Create | Villager (Male) |
| 10:31 | Create | Villager (Male) |
| 11:58 | Create | Villager (Male) |
| 13:09 | Build | Palisade Wall |
| 13:40 | Build | Town Center |
| 13:51 | Build | Palisade Wall |
| 13:53 | Build | Palisade Wall |
| 13:56 | Build | Palisade Wall |
| 13:59 | Build | Palisade Wall |
| 14:28 | Build | Archery Range |
| 14:48 | Build | Palisade Wall |
| 14:57 | Build | Palisade Wall |
| 14:57 | Build | Palisade Wall |
| 14:58 | Build | Palisade Wall |
| 15:03 | Build | Stable |
| 15:08 | Create | Villager (Male) |
| 15:13 | Build | Farm |
| 15:14 | Build | Farm |
| 15:18 | Build | Palisade Wall |
| 15:18 | Build | Palisade Wall |
| 15:19 | Build | Palisade Wall |
| 15:19 | Build | Palisade Wall |
| 15:27 | Build | Palisade Gate |
| 15:33 | Create | Villager (Male) |
| 15:33 | Create | Villager (Male) |
| 16:03 | Create | Villager (Male) |
| 16:03 | Create | Villager (Male) |
| 16:05 | Build | Farm |
| 16:15 | Build | Farm |
| 16:27 | Create | Villager (Male) |
| 16:46 | Build | Market |
| 16:51 | Create | Villager (Male) |
| 22:41 | Research | Town Watch |
| 23:49 | Build | Barracks |
| 23:52 | Build | Barracks |
| 24:06 | Build | Stable |
| 24:53 | Build | Barracks |
| 25:04 | Create | Militia |
| 25:53 | Create | Spearman |
| 26:28 | Create | Spearman |
| 26:58 | Build | Barracks |
| 27:06 | Build | Barracks |
| 28:47 | Create | Militia |
| 29:50 | Build | Stone Wall |
| 30:00 | Build | Stone Wall |
| 30:30 | Build | Gate |
| 30:33 | Build | Gate |
| 30:39 | Build | Palisade Gate |
| 30:59 | Build | Stone Wall |
| 31:04 | Build | Stone Wall |
| 31:05 | Build | Stone Wall |
| 31:09 | Build | Stone Wall |
| 31:10 | Build | Stone Wall |
| 33:14 | Build | Stone Wall |
| 33:15 | Build | Stone Wall |
| 33:16 | Build | Stone Wall |
| 33:55 | Create | Spearman |
| 38:20 | Build | Palisade Wall |
| 38:23 | Build | Palisade Wall |
Match timeline
| 7:04 | Showbizz V3sk · wall_segment Palisade Wall x5 |
| 7:21 | Guthrie_Govan · wall_segment Palisade Wall x1 |
| 7:26 | Guthrie_Govan · wall_segment Palisade Wall x2 |
| 7:28 | Guthrie_Govan · wall_segment Palisade Wall x1 |
| 7:29 | Guthrie_Govan · wall_segment Palisade Wall x1 |
| 7:36 | Guthrie_Govan · wall_segment Palisade Wall x1 |
| 7:37 | Guthrie_Govan · wall_segment Palisade Wall x1 |
| 8:29 | Showbizz V3sk · first_building Barracks |
| 8:37 | Showbizz V3sk · age_up feudal |
| 13:09 | Showbizz V3sk · wall_segment Palisade Wall x1 |
| 13:51 | Showbizz V3sk · wall_segment Palisade Wall x1 |
| 13:53 | Showbizz V3sk · wall_segment Palisade Wall x6 |
| 13:56 | Showbizz V3sk · wall_segment Palisade Wall x7 |
| 13:59 | Showbizz V3sk · wall_segment Palisade Wall x15 |
| 14:28 | Showbizz V3sk · first_building Archery Range |
| 14:48 | Showbizz V3sk · wall_segment Palisade Wall x1 |
| 14:57 | Showbizz V3sk · wall_segment Palisade Wall x1 |
| 14:57 | Showbizz V3sk · wall_segment Palisade Wall x1 |
| 14:58 | Showbizz V3sk · wall_segment Palisade Wall x1 |
| 15:03 | Showbizz V3sk · first_building Stable |
| 15:18 | Showbizz V3sk · wall_segment Palisade Wall x1 |
| 15:18 | Showbizz V3sk · wall_segment Palisade Wall x1 |
| 15:19 | Showbizz V3sk · wall_segment Palisade Wall x1 |
| 15:19 | Showbizz V3sk · wall_segment Palisade Wall x1 |
| 16:10 | Guthrie_Govan · first_building Barracks |
| 17:47 | Guthrie_Govan · age_up feudal |
| 17:50 | Guthrie_Govan · first_building Archery Range |
| 19:35 | Guthrie_Govan · wall_segment Palisade Wall x1 |
| 19:36 | Guthrie_Govan · wall_segment Palisade Wall x1 |
| 19:38 | Guthrie_Govan · wall_segment Palisade Wall x1 |
| 19:42 | Guthrie_Govan · wall_segment Palisade Wall x1 |
| 21:12 | Guthrie_Govan · wall_segment Palisade Wall x1 |
| 21:14 | Guthrie_Govan · wall_segment Palisade Wall x1 |
| 21:47 | Guthrie_Govan · wall_segment Palisade Wall x1 |
| 24:22 | Guthrie_Govan · wall_segment Palisade Wall x4 |
| 27:06 | Guthrie_Govan · first_building Stable |
| 29:50 | Showbizz V3sk · wall_segment Stone Wall x12 |
| 30:00 | Showbizz V3sk · wall_segment Stone Wall x7 |
| 30:59 | Showbizz V3sk · wall_segment Stone Wall x7 |
| 31:04 | Showbizz V3sk · wall_segment Stone Wall x3 |
| 31:05 | Showbizz V3sk · wall_segment Stone Wall x4 |
| 31:06 | Guthrie_Govan · wall_segment Palisade Wall x1 |
| 31:07 | Guthrie_Govan · wall_segment Palisade Wall x1 |
| 31:07 | Guthrie_Govan · wall_segment Palisade Wall x1 |
| 31:09 | Showbizz V3sk · wall_segment Stone Wall x1 |
| 31:10 | Showbizz V3sk · wall_segment Stone Wall x1 |
| 33:14 | Showbizz V3sk · wall_segment Stone Wall x6 |
| 33:15 | Showbizz V3sk · wall_segment Stone Wall x1 |
| 33:16 | Showbizz V3sk · wall_segment Stone Wall x1 |
| 38:20 | Showbizz V3sk · wall_segment Palisade Wall x1 |
| 38:23 | Showbizz V3sk · wall_segment Palisade Wall x5 |
| 38:36 | Guthrie_Govan · age_up castle |
| 39:06 | Guthrie_Govan · wall_segment Palisade Wall x1 |
| 39:29 | Guthrie_Govan · wall_segment Palisade Wall x1 |
| 39:33 | Guthrie_Govan · wall_segment Palisade Wall x1 |
| 40:00 | Guthrie_Govan · first_building Monastery |
| 43:56 | Guthrie_Govan · first_market_sell 100 wood |
| 43:58 | Guthrie_Govan · first_market_buy 100 stone |
| 46:21 | Guthrie_Govan · age_up imperial |
| 48:13 | Guthrie_Govan · wall_segment Stone Wall x4 |
| 48:14 | Guthrie_Govan · wall_segment Stone Wall x4 |
| 49:01 | Guthrie_Govan · first_building Castle |
| 49:43 | Guthrie_Govan · wall_segment Palisade Wall x2 |
| 49:44 | Guthrie_Govan · wall_segment Palisade Wall x2 |
| 49:45 | Guthrie_Govan · wall_segment Palisade Wall x2 |
| 49:45 | Guthrie_Govan · wall_segment Palisade Wall x1 |
| 49:45 | Guthrie_Govan · wall_segment Palisade Wall x1 |
| 49:46 | Guthrie_Govan · wall_segment Palisade Wall x1 |
| 49:46 | Guthrie_Govan · wall_segment Palisade Wall x1 |
| 49:47 | Guthrie_Govan · wall_segment Palisade Wall x1 |
| 49:48 | Guthrie_Govan · wall_segment Palisade Wall x1 |
| 56:12 | Guthrie_Govan · wall_segment Palisade Wall x1 |
| 56:24 | Guthrie_Govan · wall_segment Palisade Wall x9 |
| 56:27 | Guthrie_Govan · wall_segment Palisade Wall x3 |
| 56:36 | Guthrie_Govan · wall_segment Palisade Wall x10 |
| 56:51 | Guthrie_Govan · wall_segment Palisade Wall x3 |
| 56:52 | Guthrie_Govan · wall_segment Palisade Wall x1 |
| 56:53 | Guthrie_Govan · wall_segment Palisade Wall x1 |
| 56:54 | Guthrie_Govan · wall_segment Palisade Wall x1 |
| 56:55 | Guthrie_Govan · wall_segment Palisade Wall x1 |
| 56:56 | Guthrie_Govan · wall_segment Palisade Wall x1 |
| 57:00 | Guthrie_Govan · wall_segment Palisade Wall x1 |
| 57:02 | Guthrie_Govan · wall_segment Palisade Wall x1 |
| 57:03 | Guthrie_Govan · wall_segment Palisade Wall x1 |
| 57:04 | Guthrie_Govan · wall_segment Palisade Wall x1 |
| 57:04 | Guthrie_Govan · wall_segment Palisade Wall x1 |
| 57:05 | Guthrie_Govan · wall_segment Palisade Wall x1 |
| 57:06 | Guthrie_Govan · wall_segment Palisade Wall x1 |
| 57:07 | Guthrie_Govan · wall_segment Palisade Wall x1 |
| 57:10 | Guthrie_Govan · wall_segment Palisade Wall x4 |
| 57:13 | Guthrie_Govan · wall_segment Palisade Wall x4 |
| 57:19 | Guthrie_Govan · wall_segment Palisade Wall x6 |
| 57:35 | Guthrie_Govan · wall_segment Palisade Wall x9 |
| 57:40 | Guthrie_Govan · wall_segment Palisade Wall x2 |
| 57:42 | Guthrie_Govan · wall_segment Palisade Wall x8 |
| 57:52 | Guthrie_Govan · wall_segment Palisade Wall x2 |
| 57:54 | Guthrie_Govan · wall_segment Palisade Wall x2 |
| 57:55 | Guthrie_Govan · wall_segment Palisade Wall x4 |
| 58:17 | Guthrie_Govan · wall_segment Palisade Wall x1 |
| 58:21 | Guthrie_Govan · wall_segment Palisade Wall x2 |
| 58:22 | Guthrie_Govan · wall_segment Palisade Wall x5 |
| 58:24 | Guthrie_Govan · wall_segment Palisade Wall x1 |
| 58:25 | Guthrie_Govan · wall_segment Palisade Wall x1 |
| 58:27 | Guthrie_Govan · wall_segment Palisade Wall x1 |
| 58:30 | Guthrie_Govan · wall_segment Palisade Wall x6 |
| 59:06 | Guthrie_Govan · wall_segment Palisade Wall x1 |
| 59:08 | Guthrie_Govan · wall_segment Palisade Wall x1 |
| 59:09 | Guthrie_Govan · wall_segment Palisade Wall x1 |
| 59:14 | Guthrie_Govan · wall_segment Palisade Wall x1 |
| 59:15 | Guthrie_Govan · wall_segment Palisade Wall x1 |
| 59:36 | Guthrie_Govan · wall_segment Palisade Wall x6 |
| 59:39 | Guthrie_Govan · wall_segment Palisade Wall x8 |
| 60:11 | Guthrie_Govan · wall_segment Palisade Wall x5 |
| 60:20 | Guthrie_Govan · wall_segment Palisade Wall x4 |
| 60:39 | Guthrie_Govan · wall_segment Palisade Wall x1 |
| 60:42 | Guthrie_Govan · wall_segment Palisade Wall x1 |
| 60:48 | Guthrie_Govan · wall_segment Palisade Wall x7 |
| 60:49 | Guthrie_Govan · wall_segment Palisade Wall x2 |
| 60:52 | Guthrie_Govan · wall_segment Palisade Wall x7 |
| 61:05 | Guthrie_Govan · wall_segment Palisade Wall x8 |
| 61:27 | Guthrie_Govan · wall_segment Palisade Wall x1 |
| 61:29 | Guthrie_Govan · wall_segment Palisade Wall x1 |
| 61:30 | Guthrie_Govan · wall_segment Palisade Wall x1 |
| 61:31 | Guthrie_Govan · wall_segment Palisade Wall x1 |
| 61:32 | Guthrie_Govan · wall_segment Palisade Wall x1 |
| 61:33 | Guthrie_Govan · wall_segment Palisade Wall x1 |
| 61:34 | Guthrie_Govan · wall_segment Palisade Wall x1 |
| 61:36 | Guthrie_Govan · wall_segment Palisade Wall x1 |
| 61:37 | Guthrie_Govan · wall_segment Palisade Wall x1 |
| 61:53 | Guthrie_Govan · wall_segment Palisade Wall x1 |
| 61:54 | Guthrie_Govan · wall_segment Palisade Wall x1 |
| 61:55 | Guthrie_Govan · wall_segment Palisade Wall x1 |
| 61:55 | Guthrie_Govan · wall_segment Palisade Wall x1 |
| 61:56 | Guthrie_Govan · wall_segment Palisade Wall x1 |
| 61:57 | Guthrie_Govan · wall_segment Palisade Wall x1 |
| 61:59 | Guthrie_Govan · wall_segment Palisade Wall x1 |
| 61:59 | Guthrie_Govan · wall_segment Palisade Wall x1 |
| 62:01 | Guthrie_Govan · wall_segment Palisade Wall x1 |
| 62:04 | Guthrie_Govan · wall_segment Palisade Wall x5 |
| 63:18 | Guthrie_Govan · wall_segment Palisade Wall x1 |
| 63:22 | Guthrie_Govan · wall_segment Palisade Wall x1 |
| 63:27 | Guthrie_Govan · wall_segment Palisade Wall x1 |
| 63:31 | Guthrie_Govan · wall_segment Palisade Wall x1 |
| 63:32 | Guthrie_Govan · wall_segment Palisade Wall x1 |
| 63:36 | Guthrie_Govan · wall_segment Palisade Wall x1 |
| 63:38 | Guthrie_Govan · wall_segment Palisade Wall x1 |
| 65:05 | Guthrie_Govan · wall_segment Palisade Wall x4 |
| 65:09 | Guthrie_Govan · wall_segment Palisade Wall x3 |
| 65:12 | Guthrie_Govan · wall_segment Palisade Wall x1 |
| 65:14 | Guthrie_Govan · wall_segment Palisade Wall x1 |
| 65:16 | Guthrie_Govan · wall_segment Palisade Wall x2 |
| 65:16 | Guthrie_Govan · wall_segment Palisade Wall x1 |
| 65:17 | Guthrie_Govan · wall_segment Palisade Wall x1 |
| 65:18 | Guthrie_Govan · wall_segment Palisade Wall x2 |
| 65:21 | Guthrie_Govan · wall_segment Palisade Wall x2 |
| 65:22 | Guthrie_Govan · wall_segment Palisade Wall x2 |
| 65:27 | Guthrie_Govan · wall_segment Palisade Wall x5 |
| 65:31 | Guthrie_Govan · wall_segment Palisade Wall x6 |
| 65:34 | Guthrie_Govan · wall_segment Palisade Wall x10 |
| 65:36 | Guthrie_Govan · wall_segment Palisade Wall x4 |
| 65:39 | Guthrie_Govan · wall_segment Palisade Wall x5 |
| 65:46 | Guthrie_Govan · wall_segment Palisade Wall x1 |
| 65:57 | Guthrie_Govan · wall_segment Palisade Wall x1 |
| 66:06 | Guthrie_Govan · wall_segment Palisade Wall x1 |
| 66:09 | Guthrie_Govan · wall_segment Palisade Wall x1 |
| 66:18 | Guthrie_Govan · wall_segment Palisade Wall x8 |
| 66:40 | Guthrie_Govan · wall_segment Palisade Wall x1 |
| 89:39 | Guthrie_Govan · wall_segment Palisade Wall x3 |
| 89:40 | Guthrie_Govan · wall_segment Palisade Wall x4 |
| 89:41 | Guthrie_Govan · wall_segment Palisade Wall x1 |
| 89:42 | Guthrie_Govan · wall_segment Palisade Wall x1 |
| 89:44 | Guthrie_Govan · wall_segment Palisade Wall x1 |
| 89:58 | Guthrie_Govan · wall_segment Palisade Wall x2 |
| 89:59 | Guthrie_Govan · wall_segment Palisade Wall x1 |
| 90:00 | Guthrie_Govan · wall_segment Palisade Wall x1 |
| 90:01 | Guthrie_Govan · wall_segment Palisade Wall x1 |
| 90:02 | Guthrie_Govan · wall_segment Palisade Wall x1 |
| 90:03 | Guthrie_Govan · wall_segment Palisade Wall x1 |
| 90:03 | Guthrie_Govan · wall_segment Palisade Wall x1 |
| 90:05 | Guthrie_Govan · wall_segment Palisade Wall x1 |
| 90:06 | Guthrie_Govan · wall_segment Palisade Wall x1 |
| 91:29 | Guthrie_Govan · wall_segment Palisade Wall x3 |
| 91:30 | Guthrie_Govan · wall_segment Palisade Wall x1 |
| 91:32 | Guthrie_Govan · wall_segment Palisade Wall x2 |
| 91:33 | Guthrie_Govan · wall_segment Palisade Wall x2 |
| 91:34 | Guthrie_Govan · wall_segment Palisade Wall x1 |
| 91:35 | Guthrie_Govan · wall_segment Palisade Wall x1 |
| 91:36 | Guthrie_Govan · wall_segment Palisade Wall x1 |
| 95:28 | Guthrie_Govan · first_building Dock |
| 97:46 | Guthrie_Govan · wall_segment Palisade Wall x1 |
| 97:47 | Guthrie_Govan · wall_segment Palisade Wall x1 |
| 97:48 | Guthrie_Govan · wall_segment Palisade Wall x1 |
| 97:49 | Guthrie_Govan · wall_segment Palisade Wall x1 |
| 97:50 | Guthrie_Govan · wall_segment Palisade Wall x1 |
| 97:51 | Guthrie_Govan · wall_segment Palisade Wall x1 |
| 97:54 | Guthrie_Govan · wall_segment Palisade Wall x1 |
| 97:55 | Guthrie_Govan · wall_segment Palisade Wall x1 |
| 98:04 | Guthrie_Govan · wall_segment Palisade Wall x1 |
| 98:07 | Guthrie_Govan · wall_segment Palisade Wall x1 |
| 98:22 | Guthrie_Govan · wall_segment Palisade Wall x1 |
| 98:34 | Guthrie_Govan · wall_segment Palisade Wall x1 |
| 98:43 | Guthrie_Govan · wall_segment Palisade Wall x1 |
| 98:47 | Guthrie_Govan · wall_segment Palisade Wall x1 |
| 98:49 | Guthrie_Govan · wall_segment Palisade Wall x1 |
| 98:58 | Guthrie_Govan · wall_segment Palisade Wall x1 |
| 99:03 | Guthrie_Govan · wall_segment Palisade Wall x1 |
| 99:23 | Guthrie_Govan · wall_segment Palisade Wall x8 |
| 99:36 | Guthrie_Govan · wall_segment Palisade Wall x1 |
| 99:40 | Guthrie_Govan · wall_segment Palisade Wall x1 |
| 99:45 | Guthrie_Govan · wall_segment Palisade Wall x1 |
| 99:45 | Guthrie_Govan · wall_segment Palisade Wall x1 |
| 100:09 | Guthrie_Govan · wall_segment Palisade Wall x1 |
| 100:19 | Guthrie_Govan · wall_segment Palisade Wall x1 |
| 100:26 | Guthrie_Govan · wall_segment Palisade Wall x1 |
| 100:27 | Guthrie_Govan · wall_segment Palisade Wall x1 |
| 100:28 | Guthrie_Govan · wall_segment Palisade Wall x2 |
| 100:30 | Guthrie_Govan · wall_segment Palisade Wall x1 |
| 100:49 | Guthrie_Govan · wall_segment Stone Wall x1 |
| 100:55 | Guthrie_Govan · wall_segment Palisade Wall x4 |
| 101:00 | Guthrie_Govan · wall_segment Palisade Wall x2 |
| 101:35 | Guthrie_Govan · wall_segment Palisade Wall x1 |
| 101:36 | Guthrie_Govan · wall_segment Palisade Wall x1 |
| 101:49 | Guthrie_Govan · wall_segment Palisade Wall x1 |
| 102:13 | Guthrie_Govan · wall_segment Palisade Wall x8 |
| 102:39 | Guthrie_Govan · wall_segment Palisade Wall x1 |
| 102:41 | Guthrie_Govan · wall_segment Palisade Wall x1 |
| 103:26 | Guthrie_Govan · wall_segment Palisade Wall x1 |
| 103:35 | Guthrie_Govan · wall_segment Palisade Wall x9 |
| 109:04 | Guthrie_Govan · wall_segment Palisade Wall x1 |
| 267:49 | Guthrie_Govan · wall_segment Palisade Wall x1 |
[ AI ANALYSIS · 1 CREDIT ]
What really happened in this match?
Wolo.gg analyzes every decision: build order, eco, micro, common mistakes by bracket. Personalized analysis on WhatsApp or Discord in 30 seconds.
Civ guide
Mongols
Perfil
Guthrie_Govan